 Dungeon Crawl Stone Soup version 0.25.0-26-g0c896c7088 (webtiles) character file.

Game seed: 9446968718902555267

119 funkygono the Digger (level 5, -1/28 HPs)
             Began as a Gargoyle Earth Elementalist on July 2, 2020.
             Slain by Robin
             ... wielding a +5 club
              (2 damage)
             ... on level 3 of the Dungeon on July 3, 2020.
             The game lasted 00:04:43 (2166 turns).

funkygono the Digger (Gargoyle Earth Elementalist)  Turns: 2166, Time: 00:04:44

Health: -1/28      AC:  8    Str: 11    XL:     5   Next: 3%
Magic:  1/9        EV: 11    Int: 17    God:
Gold:   113        SH:  0    Dex: 10    Spells: 6/10 levels left

rFire    . . .     SeeInvis .   f - +0 club
rCold    . . .     Gourm    .   (no shield)
rNeg     + . .     Faith    .   a - +0 leather armour
rPois    ∞         Spirit   .   (no helmet)
rElec    +         Reflect  .   e - +0 cloak
rCorr    .         Harm     .   (no gloves)
MR       .....                  (no boots)
Stlth    ++........             (no amulet)
HPRegen  0.09/turn              (no ring)
MPRegen  0.11/turn              (no ring)

@: no status effects
A: negative energy resistance 1, electricity resistance, unbreathing,
petrification resistance, rot immunity, AC +4
a: no special abilities


You were on level 3 of the Dungeon.
You were not hungry.

You visited 1 branch of the dungeon, and saw 3 of its levels.

You collected 113 gold pieces.

Inventory:

Hand Weapons
 f - a +0 club (weapon)
Missiles
 b - 4 stones (quivered)
Armour
 a - a +0 leather armour (worn)
 c - a +0 robe
 e - a +0 cloak (worn)
 h - a +0 scale mail
 m - a +0 buckler
Potions
 g - a potion of mutation
 i - 4 potions of curing
 j - a potion of heal wounds
 o - a potion of invisibility {unknown}
Comestibles
 d - 7 rations
 l - 3 chunks of flesh


   Skills:
 + Level 0.4 Fighting
 + Level 0.3 Maces & Flails
 + Level 0.5 Armour
 + Level 1.9 Dodging
 + Level 2.4 Stealth
 + Level 3.0 Spellcasting
 * Level 0.5 Conjurations
   Level 0.7 Transmutations
 + Level 5.1 Earth Magic


You had 6 spell levels left.
You knew the following spells:

 Your Spells              Type           Power        Failure   Level  Hunger
a - Sandblast             Erth           ###...       2%          1    None
b - Stone Arrow           Conj/Erth      ##....       22%         3    ###....

Your spell library contained the following spells:

 Spells                   Type           Power        Failure   Level  Hunger
 Passwall                 Tmut/Erth      ##......     11%         2    ##.....
 Petrify                  Tmut/Erth      ##......     56%         4    ####...
 Lee's Rapid Deconstruct  Erth           ###.......   58%         5    ######.


Dungeon Overview and Level Annotations

Branches:
Dungeon (3/15)

Altars:
Zin

Annotations:
D:3 Robin


Innate Abilities, Weirdness & Mutations

You are resistant to torment.
Your stone body is resilient. (AC +4)
You are immune to poison.
You resist negative energy. (rN+)
You are resistant to electric shocks. (rElec)
You can survive without breathing.
You are immune to petrification.
You are immune to rotting.


Message History

Robin hits you with a +5 club! The goblin barely misses you.
You closely miss the goblin.
The goblin is severely wounded.
The goblin hits you but does no damage.
The orc priest casts a cantrip, but nothing happens.
The goblin barely misses you. The goblin closely misses you.
You closely miss the goblin.
The goblin is severely wounded.
Robin hits you with a +5 club.
* * * LOW HITPOINT WARNING * * *
The goblin hits you.
* * * LOW HITPOINT WARNING * * *
The goblin misses you. Robin hits you with a +5 club.
* * * LOW HITPOINT WARNING * * *
You barely miss the goblin.
The goblin is severely wounded.
The goblin hits you.
* * * LOW HITPOINT WARNING * * *
The goblin barely misses you. Robin hits you with a +5 club.
You die...

#..........
#.[........
......%...
######........
#........)..
#.....go.##..#
#....ggg....#
#...ogg###.##
######@#
#####g# ###
##...).##....
##...........>
#.............
#...<÷........
#.............
#.............
#.........[...


You could see Robin, 2 orc priests and 6 goblins.

Vanquished Creatures
  Terence (D:2)
  3 adders
  2 oozes (D:1)
  2 worms (D:2)
  3 dart slugs
  A leopard gecko (D:3)
  An orc (D:3)
  8 bats
  2 giant cockroaches
  4 hobgoblins
  A quokka (D:3)
  A frilled lizard (D:2)
  10 goblins
  3 kobolds
  5 rats
47 creatures vanquished.

Notes
Turn   | Place    | Note
-------+----------+-------------------------------------------
     0 | D:1      | funkygono the Gargoyle Earth Elementalist began the quest
                  | for the Orb.
     0 | D:1      | Reached XP level 1. HP: 10/10 MP: 3/3
    95 | D:1      | Reached skill level 4 in Earth Magic
    95 | D:1      | Reached XP level 2. HP: 15/15 MP: 1/5
   795 | D:2      | Reached XP level 3. HP: 19/19 MP: 1/6
   981 | D:2      | Found a glowing silver altar of Zin.
  1337 | D:2      | Noticed Terence
  1357 | D:2      | Killed Terence
  1357 | D:2      | Reached skill level 5 in Earth Magic
  1357 | D:2      | Reached XP level 4. HP: 21/24 MP: 0/7
  1478 | D:2      | Learned a level 3 spell: Stone Arrow
  2146 | D:3      | Noticed Robin
  2155 | D:3      | Reached XP level 5. HP: 25/28 MP: 3/9
  2166 | D:3      | HP: 1/28 [goblin[Robin] (2)]
  2166 | D:3      | Slain by Robin

Illustrated notes

Levels and vault maps discovered:
D:1:      minmay_arrival_four_circles, layout_basic
D:2:      layout_basic, zin_statuary, first_ration, uniq_terence
D:3:      layout_rooms, uniq_robin

Skill      XL: |  1  2  3  4 |
---------------+-------------+-----
Earth Magic    | 4 5 |  5.1
Spellcasting   | 3 |  3.0
Fighting       | |  0.4
Maces & Flails | |  0.3
Armour         | |  0.5
Dodging        | |  1.9
Stealth        | |  2.4
Conjurations   | |  0.5
Transmutations | |  0.7

Action                   |  1- 3 |  4- 6 || total
-------------------------+-------+-------++-------
Melee: Club              |    24 |    13 ||    37
 Cast: Sandblast         |    37 |    38 ||    75
  Use: Scroll            |     2 |     3 ||     5
  Eat: Chunk             |     2 |     2 ||     4
Armor: Leather armour    |    18 |    13 ||    31
Dodge: Dodged            |    12 |    22 ||    34
